 Dungeon Crawl Stone Soup version 0.31.0-32-g396128a36d (webtiles) character file.

Game seed: 15626893535806002906

89 wer000g the Trooper (level 4, -6/60 HPs)
             Began as a Draconian Berserker on Mar 17, 2024.
             Was a Believer of Trog.
             Mangled by a cerulean imp
             ... wielding a +3 spear
             ... summoned by Natasha
              (7 damage)
             ... on level 2 of the Dungeon.
             The game lasted 00:11:35 (1630 turns).

wer000g the Trooper (Draconian Berserker)           Turns: 1630, Time: 00:11:35

Health: -6/60      AC:  6    Str: 22    XL:     4   Next: 31%
Magic:  4/4        EV: 12    Int:  7    God:    Trog [**....]
Gold:   143        SH:  0    Dex: 10    Spells: 3/3 levels left

rFire   . . .        a - +0 mace
rCold   . . .        (no shield)
rNeg    . . .        (body armour unavailable)
rPois   .            (helmet restricted)
rElec   .            f - +0 cloak
rCorr   .            (no gloves)
SInv    .            (no boots)
Will    .....        (no amulet) Stlth
                     e - ring of flight
HPRegen 0.30/turn    (no ring)
MPRegen 0.09/turn

%: no passive effects
@: berserking, flying, very quick
A: AC +5, unfitting armour, cold-blooded
a: Renounce Religion, Berserk, Trog's Hand


You were on level 2 of the Dungeon.
You worshipped Trog.
Trog was pleased with you.
You visited 1 branch of the dungeon, and saw 3 of its levels.

You collected 143 gold pieces.

Inventory:

Hand Weapons
 a - a +0 mace (weapon)
Armour
 f - a +0 cloak (worn)
Jewellery
 e - a ring of flight (left hand)
Scrolls
 b - 3 scrolls of teleportation {unknown}
 c - a scroll of enchant weapon {unknown}
 j - 2 scrolls of identify {unknown}
Potions
 d - 3 potions of curing {unknown}
 g - a potion of heal wounds {unknown}
 h - a potion of degeneration {unknown}
 i - a potion of enlightenment {unknown}


   Skills:
 + Level 4.2 Fighting
 + Level 3.8 Maces & Flails
 + Level 3.4 Dodging


You had 3 spell levels left.
You didn't know any spells.
Your spell library was empty.

Dungeon Overview and Level Annotations

Branches:
Dungeon (3/15)

Altars:

Shops:
D:2 [

Annotations:
D:2 Natasha
D:3 Jessica, Robin


Innate Abilities, Weirdness & Mutations

Your plain brown scales are hard. (AC +5)
You cannot fit into any form of body armour.
You are cold-blooded and may be slowed by cold attacks.


Message History

The cerulean imp hits you from afar with a +1 spear.
Natasha casts a spell at you. You resist with some effort.
You hit Natasha but do no damage. The cerulean imp closely misses you.
The cerulean imp misses you. Natasha casts a spell at you.
The magic dart hits you.
The cerulean imp hits you from afar with a +1 spear.
You hit Natasha.
Natasha is lightly wounded.
Natasha claws you.
The cerulean imp hits you with a +3 spear.
The cerulean imp hits you but does no damage.
You miss Natasha.
Natasha is lightly wounded.
Natasha casts a spell.
The cerulean imp hits you from afar with a +1 spear.
You sock Natasha!
Natasha is heavily wounded.
The cerulean imp hits you with a +3 spear.
* * * LOW HITPOINT WARNING * * *
Natasha barely misses you.
The cerulean imp hits you from afar with a +1 spear.
* * * LOW HITPOINT WARNING * * *
The cerulean imp closely misses you. Natasha claws you.
* * * LOW HITPOINT WARNING * * *
A red film seems to cover your vision as you go berserk!
You feel yourself moving faster!
You feel mighty! The cerulean imp completely misses you.
The cerulean imp hits you with a +3 spear.
* * * LOW HITPOINT WARNING * * *
The cerulean imp hits you from afar with a +2 spear.
* * * LOW HITPOINT WARNING * * *
Natasha closely misses you.
You hit Natasha.
Natasha is almost dead.
The cerulean imp hits you from afar with a +1 spear.
* * * LOW HITPOINT WARNING * * *
The cerulean imp hits you with a +3 spear!
You die...

##.PP.## ######
##..♣♣..########## #....#
#..♣_P♣P.....##... #....#
#.P♣PP^.####.##...
#....#######..P..P.(....##...
#....>..................##...
###.....####.#....###......#...
#.......# #.#.##.##...........
#.#.....####.#@##.##...........
#.....#.......h5..........)....
#<##..#......#5.5....##########
#.##..########..###### #.#...#
#..# #.#...# #..######
###.#..### ##.......#
#........# #........###### ##
##.#...#.# #.............# #.


You could see Natasha and 3 cerulean imps.

Vanquished Creatures
  Natasha (D:2)
  3 adders (D:2)
  2 dart slugs (D:2)
  2 bats
  3 endoplasms
  A goblin (D:1)
  4 hobgoblins
  4 quokkas
  2 ball pythons (D:1)
  A frilled lizard (D:1)
  6 kobolds
  6 rats
35 creatures vanquished.

Notes
Turn   | Place    | Note
-------+----------+-------------------------------------------
     0 | D:1      | wer000g the Draconian Berserker began the quest for the
                  | Orb.
     0 | D:1      | Reached XP level 1. HP: 19/19 MP: 1/1
   363 | D:1      | Reached XP level 2. HP: 26/26 MP: 2/2
   991 | D:2      | Reached ** piety under Trog
  1054 | D:2      | Reached XP level 3. HP: 28/33 MP: 3/3
  1070 | D:2      | Noticed Natasha
  1071 | D:2      | Found a faded altar of an unknown god.
  1076 | D:2      | Killed Natasha
  1077 | D:2      | Reached skill level 4 in Fighting
  1158 | D:2      | Reached XP level 4. HP: 40/40 MP: 4/4
  1181 | D:2      | Found Obimuk's Antique Armour Shoppe.
  1540 | D:3      | Noticed Jessica
  1571 | D:3      | Noticed Robin
  1618 | D:2      | Noticed Natasha
  1629 | D:2      | HP: 2/60 [cerulean imp/+2 spear[Natasha] (6)]
  1630 | D:2      | Mangled by a cerulean imp

Illustrated notes

Levels and vault maps discovered:
D:1:      amcnicky_arrival_blooded_trapdoor, layout_loops_ring,
          minmay_misc_feat_hallway, minivault_25
D:2:      kennysheep_big_flooded_room, layout_basic,
          ebering_ecumenical_altar_petrified, serial_shops,
          nicolae_shop_rolling_square, minmay_fractal_squares_gapless_5,
          uniq_natasha
D:3:      layout_rooms, nicolae_overflow_hidden_temple, roderic_serpentine_path,
          uniq_terence, uniq_robin, uniq_jessica

Skill      XL: |  1  2  3 |
---------------+----------+-----
Dodging        | 3 |  3.4
Fighting       | 4 |  4.2
Maces & Flails | |  3.8

Action                     |  1- 3 |  4- 6 || total
---------------------------+-------+-------++-------
  Melee: Mace              |    78 |    35 ||   113
         Tailslap          |     8 |     1 ||     9
         Punch             |     1 |       ||     1
 Invoke: Berserk           |     1 |     1 ||     2
 Armour: Skin              |    52 |    39 ||    91
  Dodge: Dodged            |    65 |    26 ||    91
